Aeros vs Devils

Created - Sunday, January 04, 2015 at 02:25

Goals
1 2 3 OT1 SO T
Aeros 0 1 0 0 0 1
Devils 0 1 0 0 1 2
Shots
1 2 3 OT1 SO T
Aeros 4 11 6 2 5 23
Devils 9 6 13 2 5 30

1st period

No Goal

Penalties :
Ilari Melart (HOU) for Tripping (Minor) at 3:19, Mike Matczak (HOU) for Roughing (Minor) at 6:28, Cam Janssen (HOU) for Hooking (Minor) at 19:18

2nd period

1. Devils , Darroll Powe 5 (Jordan Martinook) at 3:32
2. Aeros , Colin Stuart 4 (Patrick Wey, Warren Peters) at 16:44

Penalties :
Rod Pelley (LOW) for Fighting (Major) at 4:00, Jon Landry (HOU) for Fighting (Major) at 4:00, Shane O'Brien (HOU) for Roughing (Minor) at 13:14

3rd period

No Goal

Penalties :
Andrew Gordon (HOU) for Diving (Minor) at 2:51

Overtime #1

No Goal

Penalties :
No Penalty

Shootout

Penalty Shot by Andrew Gordon for Aeros - Stopped by Devan Dubnyk
Penalty Shot by Darroll Powe for Devils - Stopped by Harri Sateri
Penalty Shot by Chris Summers for Aeros - Stopped by Devan Dubnyk
Penalty Shot by Rod Pelley for Devils - Shot Misses the Net
Penalty Shot by Craig Cunningham for Aeros - Stopped by Devan Dubnyk
Penalty Shot by Brendan Shinnimin for Devils - Stopped by Harri Sateri
Penalty Shot by Colin Stuart for Aeros - Stopped by Devan Dubnyk
Penalty Shot by Pascal Pelletier for Devils - Shot Misses the Net
Penalty Shot by Warren Peters for Aeros - Stopped by Devan Dubnyk
Penalty Shot by Zach O'Brien for Devils - Goal!

Penalties :
No Penalty

Goalie Stats

Harri Sateri (HOU), 29 saves from 30 shots - (0.967), OTL, 6-9-3, 65:00 minutes
Devan Dubnyk (LOW), 22 saves from 23 shots - (0.957), W, 13-10-16, 65:00 minutes

Players Stats for Aeros

Player Name              G  A  P  +/- PIM S  H  SB GA TA FO     MP     PP MP  PK MP  
------------------------------------------------------------------------------------
Andrew Gordon            0  0  0   0  2   1  2  2  7  0  8/10   21:29   0:00   4:58 
Anthony Camara           0  0  0   0  0   4  2  1  1  0  0/0    13:56   0:00   0:00 
Cam Janssen              0  0  0   0  2   1  1  0  0  0  1/2    17:28   0:00   2:07 
Chris Summers            0  0  0  -1  0   1  3  1  5  0  0/0    21:09   0:00   0:00 
Colin Stuart             1  0  1   0  0   4  0  1  2  0  0/0    17:43   0:00   2:31 
Craig Cunningham         0  0  0   0  0   1  0  2  1  1  1/3    15:10   0:00   2:31 
Dana Tyrell              0  0  0   0  0   2  2  2  6  0  3/6    23:32   0:00   5:27 
Danny Hobbs              0  0  0   0  0   2  2  1  1  1  2/6    16:28   0:00   1:08 
Ilari Melart             0  0  0   0  2   0  4  0  0  1  0/0    15:01   0:00   1:09 
Joel Chouinard           0  0  0   0  0   0  1  1  0  0  0/0    20:14   0:00   4:07 
Jon Landry               0  0  0   1  5   1  1  1  0  1  0/0    21:05   0:00   5:48 
Matthew Pistilli         0  0  0   0  0   3  0  0  0  3  1/2    16:51   0:00   0:00 
Mike Matczak             0  0  0   0  2   0  0  0  0  0  0/0     7:26   0:00   0:00 
Mike Ullrich             0  0  0   0  0   0  0  0  1  0  1/3     8:43   0:00   0:00 
Patrick Wey              0  1  1   1  0   1  4  0  0  1  0/0    22:18   0:00   4:07 
Scott Campbell           0  0  0   0  0   1  0  0  0  0  1/1    13:12   0:00   1:08 
Shane O'Brien            0  0  0  -1  2   1  5  3  1  3  0/0    23:32   0:00   4:39 
Warren Peters            0  1  1   0  0   0  2  0  0  0  3/6    14:42   0:00   0:00 

Players Stats for Devils

Player Name              G  A  P  +/- PIM S  H  SB GA TA FO     MP     PP MP  PK MP  
------------------------------------------------------------------------------------
Braden Lamb              0  0  0  -1  0   0  1  0  0  1  0/0    22:45   3:42   0:00 
Brendan Shinnimin        0  0  0   0  0   1  1  0  0  0  4/9    20:09   5:26   0:00 
Chris Wideman            0  0  0   1  0   1  0  1  1  1  0/0    26:28   6:13   0:00 
Colin Miller             0  0  0   1  0   2  2  1  0  2  0/0    26:28   6:13   0:00 
Curtis Hamilton          0  0  0   0  0   0  0  0  0  0  0/0     3:58   0:00   0:00 
Darren Archibald         0  0  0  -1  0   5  0  1  1  0  0/0    16:15   0:03   0:00 
Darroll Powe             1  0  1   1  0   3  2  2  1  1  8/15   23:19   3:53   0:00 
Drew MacKenzie           0  0  0   0  0   0  0  1  0  0  0/0    15:47   0:00   0:00 
Gabriel Beaupre          0  0  0   0  0   0  1  1  0  0  0/0    15:47   0:00   0:00 
Jared Staal              0  0  0   1  0   1  1  2  1  0  0/0    15:47   0:00   0:00 
Jordan Martinook         0  1  1   1  0   2  0  0  3  0  0/3    18:24   0:59   0:00 
Pascal Pelletier         0  0  0   0  0   4  1  0  3  0  0/0    20:50   5:26   0:00 
Rod Pelley               0  0  0  -1  5   7  0  1  3  1  5/8    21:46   4:03   0:00 
Scooter Vaughan          0  0  0  -1  0   1  2  2  0  0  0/0    22:45   3:42   0:00 
Tom Kuhnhackl            0  0  0  -1  0   1  0  1  1  0  0/0    12:40   0:00   0:00 
Yanni Gourde             0  0  0   0  0   0  0  0  0  0  0/0     0:00   0:00   0:00 
Zach Budish              0  0  0   0  0   2  3  0  2  1  1/3    19:36   5:26   0:00 
Zach O'Brien             0  0  0   0  0   0  4  0  2  1  0/1    17:15   4:29   0:00 

3 Stars

1 - Harri Sateri (HOU)
2 - Devan Dubnyk (LOW)
3 - Darroll Powe (LOW)

Power Play

Aeros - 0 on 0 Attempt(s) - 0.00%
Devils - 0 on 5 Attempt(s) - 0.00%

Penalty Kill

Aeros - 5 on 5 Attempt(s) - 100.00% - Score 0 goal in Penalty Kill
Devils - 0 on 0 Attempt(s) - 0.00% - Score 0 goal in Penalty Kill

Team Stat

Aeros - Hits : 29 - Faceoff Wins : 21 - Blocked Shots : 15 - Penalty Minutes : 15
Devils - Hits : 18 - Faceoff Wins : 18 - Blocked Shots : 13 - Penalty Minutes : 5

Official

Referees : Unknown
Linesman : Unknown

Game Notes

Rod Pelley beats up Jon Landry at 4:00 of 2nd period
16:44 of 2nd period - Aeros goal is going for a video replay. After video review, Goal.

Finance

Level 1 -- Attendance: 1483 (74.15%) -- Ticket Income $51,905
Level 2 -- Attendance: 701 (70.10%) -- Ticket Income $10,515
Total Attendance: 2184 (72.80%)
Total Ticket Income: $62,420
Other Income: $30,586
Total Income: $93,006

Aeros

5 vs 5 Forward 
   Center                   Left Wing                Right Wing               Time % Phy DF OF 
 1 Dana Tyrell              Craig Cunningham         Andrew Gordon            35     1   2  2  
 2 Warren Peters            Colin Stuart             Cam Janssen              30     1   2  2  
 3 Danny Hobbs              Anthony Camara           Matthew Pistilli         22     1   2  2  
 4 Mike Ullrich             Scott Campbell           Dana Tyrell              13     1   2  2  

5 vs 5 Defense 
   Defense                  Defense                                           Time % Phy DF OF 
 1 Shane O'Brien            Chris Summers                                     35     1   2  2  
 2 Jon Landry               Patrick Wey                                       30     1   2  2  
 3 Ilari Melart             Joel Chouinard                                    22     1   2  2  
 4 Chris Summers            Mike Matczak                                      13     1   2  2  

PowerPlay Forward 
   Center                   Left Wing                Right Wing               Time % Phy DF OF 
 1 Warren Peters            Colin Stuart             Andrew Gordon            60     1   2  2  
 2 Danny Hobbs              Craig Cunningham         Cam Janssen              40     1   2  2  

PowerPlay Defense
   Defense                  Defense                                           Time % Phy DF OF 
 1 Shane O'Brien            Jon Landry                                        60     1   2  2  
 2 Joel Chouinard           Patrick Wey                                       40     1   2  2  

Penalty Kill 4 Players Forward 
   Center                   Wing                     Time % Phy DF OF 
 1 Andrew Gordon            Dana Tyrell              60     1   2  2  
 2 Craig Cunningham         Colin Stuart             40     1   2  2  

Penalty Kill 4 Players Defense
   Defense                  Defense                  Time % Phy DF OF 
 1 Shane O'Brien            Jon Landry               60     1   2  2  
 2 Joel Chouinard           Patrick Wey              40     1   2  2  

Penalty Kill - 3 Players Forward 
   Forward                                           Time % Phy DF OF 
 1 Andrew Gordon                                     60     1   2  2  
 2 Dana Tyrell                                       40     1   2  2  

Penalty Kill - 3 Players Defense
   Defense                  Defense                  Time % Phy DF OF 
 1 Shane O'Brien            Jon Landry               60     1   2  2  
 2 Joel Chouinard           Patrick Wey              40     1   2  2  

4 vs 4 Forward 
   Center                   Wing                     Time % Phy DF OF 
 1 Andrew Gordon            Dana Tyrell              60     1   2  2  
 2 Craig Cunningham         Colin Stuart             40     1   2  2  

4 vs 4 Defense
   Defense                  Defense                  Time % Phy DF OF 
 1 Shane O'Brien            Jon Landry               60     1   2  2  
 2 Joel Chouinard           Patrick Wey              40     1   2  2  

Last Minutes Offensive
   Center                   Left Wing                Right Wing               Defense                  Defense                  
   Warren Peters            Dana Tyrell              Andrew Gordon            Shane O'Brien            Jon Landry               

Last Minutes Defensive
   Center                   Left Wing                Right Wing               Defense                  Defense                  
   Warren Peters            Dana Tyrell              Andrew Gordon            Shane O'Brien            Jon Landry               

Goaltenders
Starting : Harri Sateri             
Backup : David Leggio             

Extra Forwards
Normal : Matthew Pistilli, Scott Campbell, Dana Tyrell - PP : Matthew Pistilli, Scott Campbell - PK : Cam Janssen
Extra Defensemen
Normal : Ilari Melart, Jon Landry, Shane O'Brien - PP : Ilari Melart - PK : Ilari Melart, Shane O'Brien
Penalty Shots
Andrew Gordon, Chris Summers, Craig Cunningham, Colin Stuart, Warren Peters

Devils

5 vs 5 Forward 
   Center                   Left Wing                Right Wing               Time % Phy DF OF 
 1 Darroll Powe             Rod Pelley               Zach O'Brien             35     1   2  2  
 2 Brendan Shinnimin        Pascal Pelletier         Zach Budish              30     1   2  2  
 3 Darroll Powe             Jordan Martinook         Jared Staal              22     1   2  2  
 4 Rod Pelley               Darren Archibald         Tom Kuhnhackl            13     1   2  2  

5 vs 5 Defense 
   Defense                  Defense                                           Time % Phy DF OF 
 1 Colin Miller             Chris Wideman                                     35     1   2  2  
 2 Braden Lamb              Scooter Vaughan                                   30     1   2  2  
 3 Gabriel Beaupre          Drew MacKenzie                                    22     1   2  2  
 4 Colin Miller             Chris Wideman                                     13     1   2  2  

PowerPlay Forward 
   Center                   Left Wing                Right Wing               Time % Phy DF OF 
 1 Darroll Powe             Rod Pelley               Zach O'Brien             60     1   2  2  
 2 Brendan Shinnimin        Pascal Pelletier         Zach Budish              40     1   2  2  

PowerPlay Defense
   Defense                  Defense                                           Time % Phy DF OF 
 1 Colin Miller             Chris Wideman                                     60     1   2  2  
 2 Braden Lamb              Scooter Vaughan                                   40     1   2  2  

Penalty Kill 4 Players Forward 
   Center                   Wing                     Time % Phy DF OF 
 1 Darroll Powe             Rod Pelley               60     1   2  2  
 2 Brendan Shinnimin        Pascal Pelletier         40     1   2  2  

Penalty Kill 4 Players Defense
   Defense                  Defense                  Time % Phy DF OF 
 1 Colin Miller             Chris Wideman            60     1   2  2  
 2 Braden Lamb              Scooter Vaughan          40     1   2  2  

Penalty Kill - 3 Players Forward 
   Forward                                           Time % Phy DF OF 
 1 Darroll Powe                                      60     1   2  2  
 2 Rod Pelley                                        40     1   2  2  

Penalty Kill - 3 Players Defense
   Defense                  Defense                  Time % Phy DF OF 
 1 Colin Miller             Chris Wideman            60     1   2  2  
 2 Braden Lamb              Scooter Vaughan          40     1   2  2  

4 vs 4 Forward 
   Center                   Wing                     Time % Phy DF OF 
 1 Darroll Powe             Rod Pelley               60     1   2  2  
 2 Brendan Shinnimin        Pascal Pelletier         40     1   2  2  

4 vs 4 Defense
   Defense                  Defense                  Time % Phy DF OF 
 1 Colin Miller             Chris Wideman            60     1   2  2  
 2 Braden Lamb              Scooter Vaughan          40     1   2  2  

Last Minutes Offensive
   Center                   Left Wing                Right Wing               Defense                  Defense                  
   Darroll Powe             Rod Pelley               Zach O'Brien             Colin Miller             Chris Wideman            

Last Minutes Defensive
   Center                   Left Wing                Right Wing               Defense                  Defense                  
   Darroll Powe             Rod Pelley               Zach O'Brien             Colin Miller             Chris Wideman            

Goaltenders
Starting : Devan Dubnyk             
Backup : Robert Mayer             

Extra Forwards
Normal : Jordan Martinook, Darren Archibald, Jared Staal - PP : Jordan Martinook, Darren Archibald - PK : Jared Staal
Extra Defensemen
Normal : Gabriel Beaupre, Drew MacKenzie, Braden Lamb - PP : Gabriel Beaupre - PK : Drew MacKenzie, Braden Lamb
Penalty Shots
Darroll Powe, Rod Pelley, Brendan Shinnimin, Pascal Pelletier, Zach O'Brien

% Time on Ice - Aeros

Lines # - Real PCT - Wanted PCT - Time Play
Normal Forward
1 - 27% - 35% - 13:38
2 - 29% - 30% - 14:42
3 - 28% - 22% - 13:56
4 - 16% - 13% - 7:49
Normal Defense
1 - 29% - 35% - 14:46
2 - 32% - 30% - 15:52
3 - 25% - 22% - 12:32
4 - 14% - 13% - 6:55
PP Forward
1 - 0% - 60%
2 - 0% - 40%
PP Defense
1 - 0% - 60%
2 - 0% - 40%
PK Forward
1 - 75% - 60% - 7:24
2 - 25% - 40% - 2:31
PK Defense
1 - 58% - 60% - 5:48
2 - 42% - 40% - 4:07
PK3 Forward
1 - 0% - 60%
2 - 0% - 40%
PK3 Defense
1 - 0% - 60%
2 - 0% - 40%
44 Forward
1 - 90% - 60% - 4:30
2 - 10% - 40% - 0:30
44 Defense
1 - 54% - 60% - 2:41
2 - 46% - 40% - 2:19
Last Minute Offensive  - 0:00
Last Minute Defensive  - 0:00
Total
Forward - 65:00
Defense - 65:00

% Time on Ice - Devils

Lines # - Real PCT - Wanted PCT - Time Play
Normal Forward
1 - 22% - 35% - 11:11
2 - 29% - 30% - 14:32
3 - 23% - 22% - 11:42
4 - 25% - 13% - 12:40
Normal Defense
1 - 30% - 35% - 14:48
2 - 34% - 30% - 17:04
3 - 32% - 22% - 15:47
4 - 5% - 13% - 2:26
PP Forward
1 - 45% - 60% - 4:29
2 - 55% - 40% - 5:26
PP Defense
1 - 63% - 60% - 6:13
2 - 37% - 40% - 3:42
PK Forward
1 - 0% - 60%
2 - 0% - 40%
PK Defense
1 - 0% - 60%
2 - 0% - 40%
PK3 Forward
1 - 0% - 60%
2 - 0% - 40%
PK3 Defense
1 - 0% - 60%
2 - 0% - 40%
44 Forward
1 - 92% - 60% - 4:37
2 - 8% - 40% - 0:23
44 Defense
1 - 60% - 60% - 3:01
2 - 40% - 40% - 1:59
Last Minute Offensive  - 0:00
Last Minute Defensive  - 0:00
Total
Forward - 65:00
Defense - 65:00

Play by Play

1st period


0:01 of 1st period - Darroll Powe wins face-off versus Dana Tyrell in neutral zone.
0:04 of 1st period - Slapshot by Zach O'Brien.
0:04 of 1st period - Shot Blocked by Chris Summers.
0:06 of 1st period - Snap shot by Zach O'Brien.
0:06 of 1st period - Shot Misses the Net.
0:12 of 1st period - Dana Tyrell is hit by Zach O'Brien and loses puck.
0:26 of 1st period - Wrist shot by Rod Pelley.
0:26 of 1st period - Stopped by Harri Sateri with a rebound.
0:50 of 1st period - Brendan Shinnimin is hit by Shane O'Brien and loses puck.
1:05 of 1st period - Off-side.
1:06 of 1st period - Danny Hobbs wins face-off versus Darroll Powe in neutral zone.
1:51 of 1st period - Braden Lamb is hit by Patrick Wey and loses puck.
1:58 of 1st period - Braden Lamb is hit by Patrick Wey and loses puck.
2:05 of 1st period - Danny Hobbs is hit by Pascal Pelletier and loses puck.
2:20 of 1st period - Tom Kuhnhackl is hit by Patrick Wey and loses puck.
2:31 of 1st period - Snap shot by Darren Archibald.
2:31 of 1st period - Shot Blocked by Colin Stuart.
3:11 of 1st period - Snap shot by Darroll Powe.
3:11 of 1st period - Stopped by Harri Sateri with a rebound.
3:19 of 1st period - Minor Penalty to Ilari Melart for Tripping.
3:20 of 1st period - Andrew Gordon wins face-off versus Brendan Shinnimin in Aeros zone.
4:12 of 1st period - Scooter Vaughan is hit by Shane O'Brien.
4:38 of 1st period - Chris Wideman is hit by Shane O'Brien and loses puck.
5:19 of 1st period - Penalty to Ilari Melart is over, Ilari Melart is back on ice.
5:39 of 1st period - Slapshot by Chris Summers.
5:39 of 1st period - Shot Blocked by Tom Kuhnhackl.
5:41 of 1st period - Slapshot by Chris Summers.
5:41 of 1st period - Deflect By Anthony Camara.
5:41 of 1st period - Stopped by Devan Dubnyk without a rebound.
5:42 of 1st period - Rod Pelley wins face-off versus Danny Hobbs in Devils zone.
5:53 of 1st period - Wrist shot by Rod Pelley.
5:53 of 1st period - Shot Blocked by Danny Hobbs.
6:28 of 1st period - Minor Penalty to Mike Matczak for Roughing.
6:29 of 1st period - Brendan Shinnimin wins face-off versus Craig Cunningham in Aeros zone.
6:40 of 1st period - Wrist shot by Craig Cunningham.
6:40 of 1st period - Stopped by Devan Dubnyk with a rebound.
7:29 of 1st period - Zach Budish is hit by Joel Chouinard and loses puck.
7:46 of 1st period - Andrew Gordon is hit by Zach O'Brien and loses puck.
7:57 of 1st period - Cam Janssen is hit by Darroll Powe and loses puck.
8:28 of 1st period - Penalty to Mike Matczak is over, Mike Matczak is back on ice.
9:06 of 1st period - Anthony Camara is hit by Jared Staal and loses puck.
9:25 of 1st period - Gabriel Beaupre is hit by Ilari Melart and loses puck.
10:06 of 1st period - Braden Lamb is hit by Chris Summers and loses puck.
10:17 of 1st period - Braden Lamb is hit by Andrew Gordon and loses puck.
10:30 of 1st period - Slapshot by Shane O'Brien.
10:30 of 1st period - Shot Blocked by Scooter Vaughan.
10:32 of 1st period - Slapshot by Chris Summers.
10:32 of 1st period - Shot Blocked by Scooter Vaughan.
12:15 of 1st period - Zach O'Brien is hit by Danny Hobbs.
12:19 of 1st period - Braden Lamb is hit by Jon Landry and loses puck.
12:42 of 1st period - Wrist shot by Darren Archibald.
12:42 of 1st period - Shot Blocked by Andrew Gordon.
12:44 of 1st period - Slapshot by Gabriel Beaupre.
12:44 of 1st period - Shot Blocked by Craig Cunningham.
12:46 of 1st period - Slapshot by Tom Kuhnhackl.
12:46 of 1st period - Stopped by Harri Sateri with a rebound.
12:48 of 1st period - Wrist shot by Rod Pelley.
12:48 of 1st period - Stopped by Harri Sateri with a rebound.
12:50 of 1st period - Wrist shot by Gabriel Beaupre.
12:50 of 1st period - Shot Misses the Net.
13:15 of 1st period - Jordan Martinook is hit by Warren Peters and loses puck.
13:26 of 1st period - Chris Summers is hit by Zach O'Brien and loses puck.
13:57 of 1st period - Matthew Pistilli is hit by Brendan Shinnimin and loses puck.
14:10 of 1st period - Snap shot by Rod Pelley.
14:10 of 1st period - Stopped by Harri Sateri with a rebound.
14:12 of 1st period - Snap shot by Darren Archibald.
14:12 of 1st period - Shot Misses the Net.
15:07 of 1st period - Wrist shot by Colin Stuart.
15:07 of 1st period - Stopped by Devan Dubnyk with a rebound.
15:09 of 1st period - Wrist shot by Colin Stuart.
15:09 of 1st period - Stopped by Devan Dubnyk without a rebound.
15:10 of 1st period - Cam Janssen wins face-off versus Zach Budish in Devils zone.
15:19 of 1st period - Slapshot by Chris Wideman.
15:19 of 1st period - Stopped by Harri Sateri with a rebound.
15:21 of 1st period - Slapshot by Colin Miller.
15:21 of 1st period - Stopped by Harri Sateri with a rebound.
15:23 of 1st period - Snap shot by Zach Budish.
15:23 of 1st period - Stopped by Harri Sateri with a rebound.
16:39 of 1st period - Slapshot by Pascal Pelletier.
16:39 of 1st period - Shot Misses the Net.
17:31 of 1st period - Wrist shot by Curtis Hamilton.
17:31 of 1st period - Shot Blocked by Jon Landry.
18:21 of 1st period - Snap shot by Colin Stuart.
18:21 of 1st period - Shot Misses the Net.
19:12 of 1st period - Snap shot by Rod Pelley.
19:12 of 1st period - Stopped by Harri Sateri with a rebound.
19:18 of 1st period - Minor Penalty to Cam Janssen for Hooking.
19:19 of 1st period - Andrew Gordon wins face-off versus Zach O'Brien in Aeros zone.
19:34 of 1st period - Slapshot by Darroll Powe.
19:34 of 1st period - Shot Misses the Net.
19:52 of 1st period - Danny Hobbs is hit by Zach Budish and loses puck.
Goals for this period are 0 for Aeros vs 0 for Devils.
Shots for this period are 4 for Aeros vs 9 for Devils.

2nd period


0:01 of 2nd period - Andrew Gordon wins face-off versus Darroll Powe in neutral zone.
0:04 of 2nd period - Slapshot by Shane O'Brien.
0:04 of 2nd period - Shot Misses the Net.
0:15 of 2nd period - Snap shot by Darroll Powe.
0:15 of 2nd period - Shot Blocked by Shane O'Brien.
0:17 of 2nd period - Snap shot by Zach O'Brien.
0:17 of 2nd period - Shot Misses the Net.
0:33 of 2nd period - Wrist shot by Darroll Powe.
0:33 of 2nd period - Shot Misses the Net.
0:35 of 2nd period - Wrist shot by Rod Pelley.
0:35 of 2nd period - Shot Misses the Net.
0:37 of 2nd period - Slapshot by Chris Wideman.
0:37 of 2nd period - Shot Blocked by Dana Tyrell.
0:58 of 2nd period - Slapshot by Colin Stuart.
0:58 of 2nd period - Stopped by Devan Dubnyk without a rebound.
0:59 of 2nd period - Brendan Shinnimin wins face-off versus Craig Cunningham in Devils zone.
1:08 of 2nd period - Snap shot by Pascal Pelletier.
1:08 of 2nd period - Shot Misses the Net.
1:10 of 2nd period - Wrist shot by Pascal Pelletier.
1:10 of 2nd period - Shot Misses the Net.
1:12 of 2nd period - Snap shot by Braden Lamb.
1:12 of 2nd period - Deflect By Pascal Pelletier.
1:12 of 2nd period - Shot Misses the Net.
1:12 of 2nd period - Puck is out of play.
1:13 of 2nd period - Andrew Gordon wins face-off versus Darroll Powe in Aeros zone.
1:18 of 2nd period - Penalty to Cam Janssen is over, Cam Janssen is back on ice.
1:24 of 2nd period - Snap shot by Dana Tyrell.
1:24 of 2nd period - Shot Misses the Net.
2:02 of 2nd period - Danny Hobbs is hit by Zach Budish and loses puck.
2:46 of 2nd period - Snap shot by Colin Stuart.
2:46 of 2nd period - Deflect By Cam Janssen.
2:46 of 2nd period - Stopped by Devan Dubnyk without a rebound.
2:47 of 2nd period - Rod Pelley wins face-off versus Mike Ullrich in Devils zone.
2:56 of 2nd period - Snap shot by Darren Archibald.
2:56 of 2nd period - Stopped by Harri Sateri with a rebound.
3:13 of 2nd period - Snap shot by Scott Campbell.
3:13 of 2nd period - Stopped by Devan Dubnyk without a rebound.
3:14 of 2nd period - Darroll Powe wins face-off versus Warren Peters in Devils zone.
3:14 of 2nd period - Darroll Powe is hit by Warren Peters.
3:32 of 2nd period - Snap shot by Darroll Powe.
3:32 of 2nd period - Goal by Darroll Powe - Aeros : 0 - Devils : 1.
3:33 of 2nd period - Dana Tyrell wins face-off versus Brendan Shinnimin in neutral zone.
3:41 of 2nd period - Icing by Colin Miller.
3:42 of 2nd period - Dana Tyrell wins face-off versus Zach Budish in Devils zone.
3:43 of 2nd period - Wrist shot by Craig Cunningham.
3:43 of 2nd period - Shot Blocked by Colin Miller.
3:59 of 2nd period - Wrist shot by Andrew Gordon.
3:59 of 2nd period - Deflect By Dana Tyrell.
3:59 of 2nd period - Deflect By Zach Budish.
3:59 of 2nd period - Shot Misses the Net.
3:59 of 2nd period - Puck is out of play.
4:00 of 2nd period - Darroll Powe wins face-off versus Warren Peters in Devils zone.
4:00 of 2nd period - Rod Pelley beats up Jon Landry.
4:00 of 2nd period - Penalty to Rod Pelley for Fighting.
4:00 of 2nd period - Penalty to Jon Landry for Fighting.
4:01 of 2nd period - Andrew Gordon wins face-off versus Darroll Powe in Devils zone.
4:29 of 2nd period - Slapshot by Dana Tyrell.
4:29 of 2nd period - Shot Misses the Net.
4:37 of 2nd period - Snap shot by Dana Tyrell.
4:37 of 2nd period - Stopped by Devan Dubnyk with a rebound.
5:13 of 2nd period - Brendan Shinnimin is hit by Shane O'Brien and loses puck.
5:20 of 2nd period - Shane O'Brien is hit by Zach Budish.
5:24 of 2nd period - Warren Peters is hit by Gabriel Beaupre.
5:53 of 2nd period - Snap shot by Matthew Pistilli.
5:53 of 2nd period - Deflect By Anthony Camara.
5:53 of 2nd period - Stopped by Devan Dubnyk with a rebound.
6:05 of 2nd period - Wrist shot by Anthony Camara.
6:05 of 2nd period - Shot Blocked by Gabriel Beaupre.
6:37 of 2nd period - Slapshot by Dana Tyrell.
6:37 of 2nd period - Shot Blocked by Jared Staal.
7:02 of 2nd period - Chris Summers is hit by Zach O'Brien and loses puck.
7:07 of 2nd period - Snap shot by Darroll Powe.
7:07 of 2nd period - Shot Misses the Net.
7:39 of 2nd period - Braden Lamb is hit by Ilari Melart and loses puck.
7:48 of 2nd period - Snap shot by Colin Stuart.
7:48 of 2nd period - Shot Misses the Net.
7:58 of 2nd period - Snap shot by Anthony Camara.
7:58 of 2nd period - Deflect By Danny Hobbs.
7:58 of 2nd period - Stopped by Devan Dubnyk with a rebound.
8:38 of 2nd period - Colin Miller is hit by Cam Janssen and loses puck.
9:00 of 2nd period - Shane O'Brien is hit by Colin Miller and loses puck.
9:09 of 2nd period - Slapshot by Darren Archibald.
9:09 of 2nd period - Stopped by Harri Sateri without a rebound.
9:10 of 2nd period - Mike Ullrich wins face-off versus Darroll Powe in Aeros zone.
9:15 of 2nd period - Darren Archibald is hit by Ilari Melart.
9:36 of 2nd period - Snap shot by Matthew Pistilli.
9:36 of 2nd period - Stopped by Devan Dubnyk with a rebound.
9:53 of 2nd period - Off-side.
9:54 of 2nd period - Scott Campbell wins face-off versus Brendan Shinnimin in neutral zone.
10:07 of 2nd period - Wrist shot by Craig Cunningham.
10:07 of 2nd period - Shot Misses the Net.
10:15 of 2nd period - Snap shot by Chris Summers.
10:15 of 2nd period - Shot Blocked by Drew MacKenzie.
10:45 of 2nd period - Snap shot by Darren Archibald.
10:45 of 2nd period - Stopped by Harri Sateri without a rebound.
10:46 of 2nd period - Warren Peters wins face-off versus Rod Pelley in Aeros zone.
10:51 of 2nd period - Rod Pelley is hit by Ilari Melart and loses puck.
11:04 of 2nd period - Wrist shot by Jordan Martinook.
11:04 of 2nd period - Shot Blocked by Joel Chouinard.
12:00 of 2nd period - Slapshot by Shane O'Brien.
12:00 of 2nd period - Deflect By Pascal Pelletier.
12:00 of 2nd period - Stopped by Devan Dubnyk with a rebound.
12:02 of 2nd period - Snap shot by Matthew Pistilli.
12:02 of 2nd period - Stopped by Devan Dubnyk with a rebound.
13:14 of 2nd period - Minor Penalty to Shane O'Brien for Roughing.
13:15 of 2nd period - Darroll Powe wins face-off versus Andrew Gordon in Aeros zone.
13:22 of 2nd period - Snap shot by Darroll Powe.
13:22 of 2nd period - Shot Misses the Net.
13:28 of 2nd period - Darroll Powe is hit by Andrew Gordon and loses puck.
14:15 of 2nd period - Slapshot by Scooter Vaughan.
14:15 of 2nd period - Shot Blocked by Craig Cunningham.
14:42 of 2nd period - Off-side.
14:43 of 2nd period - Craig Cunningham wins face-off versus Jordan Martinook in neutral zone.
15:07 of 2nd period - Icing by Colin Miller.
15:08 of 2nd period - Andrew Gordon wins face-off versus Brendan Shinnimin in Devils zone.
15:14 of 2nd period - Penalty to Shane O'Brien is over, Shane O'Brien is back on ice.
15:44 of 2nd period - Shane O'Brien is hit by Colin Miller and loses puck.
16:04 of 2nd period - Slapshot by Jordan Martinook.
16:04 of 2nd period - Stopped by Harri Sateri with a rebound.
16:06 of 2nd period - Snap shot by Jared Staal.
16:06 of 2nd period - Stopped by Harri Sateri with a rebound.
16:38 of 2nd period - Wrist shot by Warren Peters.
16:38 of 2nd period - Shot Misses the Net.
16:40 of 2nd period - Snap shot by Patrick Wey.
16:40 of 2nd period - Stopped by Devan Dubnyk with a rebound.
16:42 of 2nd period - Snap shot by Colin Stuart.
16:42 of 2nd period - Shot Misses the Net.
16:44 of 2nd period - Wrist shot by Colin Stuart.
16:44 of 2nd period - Aeros goal is going for a video replay.
16:44 of 2nd period - The goal is good.
16:44 of 2nd period - Goal by Colin Stuart - Aeros : 1 - Devils : 1.
16:45 of 2nd period - Warren Peters wins face-off versus Darroll Powe in neutral zone.
17:18 of 2nd period - Icing by Jordan Martinook.
17:19 of 2nd period - Darroll Powe wins face-off versus Dana Tyrell in Devils zone.
17:57 of 2nd period - Gabriel Beaupre is hit by Dana Tyrell and loses puck.
18:15 of 2nd period - Icing by Shane O'Brien.
18:16 of 2nd period - Rod Pelley wins face-off versus Danny Hobbs in Aeros zone.
Goals for this period are 1 for Aeros vs 1 for Devils.
Shots for this period are 11 for Aeros vs 6 for Devils.

3rd period


0:01 of 3rd period - Darroll Powe wins face-off versus Dana Tyrell in neutral zone.
0:04 of 3rd period - Chris Summers is hit by Darroll Powe and loses puck.
0:17 of 3rd period - Snap shot by Dana Tyrell.
0:17 of 3rd period - Shot Misses the Net.
0:19 of 3rd period - Slapshot by Chris Summers.
0:19 of 3rd period - Shot Blocked by Chris Wideman.
0:21 of 3rd period - Slapshot by Chris Summers.
0:21 of 3rd period - Shot Misses the Net.
0:23 of 3rd period - Wrist shot by Craig Cunningham.
0:23 of 3rd period - Shot Misses the Net.
0:25 of 3rd period - Slapshot by Andrew Gordon.
0:25 of 3rd period - Shot Misses the Net.
0:47 of 3rd period - Slapshot by Chris Summers.
0:47 of 3rd period - Stopped by Devan Dubnyk with a rebound.
1:28 of 3rd period - Slapshot by Braden Lamb.
1:28 of 3rd period - Shot Blocked by Anthony Camara.
1:30 of 3rd period - Snap shot by Pascal Pelletier.
1:30 of 3rd period - Stopped by Harri Sateri with a rebound.
1:32 of 3rd period - Slapshot by Pascal Pelletier.
1:32 of 3rd period - Stopped by Harri Sateri with a rebound.
1:48 of 3rd period - Jordan Martinook is hit by Anthony Camara and loses puck.
1:55 of 3rd period - Danny Hobbs is hit by Braden Lamb and loses puck.
2:51 of 3rd period - Minor Penalty to Andrew Gordon for Diving.
2:52 of 3rd period - Brendan Shinnimin wins face-off versus Cam Janssen in Aeros zone.
2:53 of 3rd period - Snap shot by Zach Budish.
2:53 of 3rd period - Stopped by Harri Sateri with a rebound.
3:05 of 3rd period - Snap shot by Pascal Pelletier.
3:05 of 3rd period - Shot Blocked by Dana Tyrell.
3:17 of 3rd period - Slapshot by Pascal Pelletier.
3:17 of 3rd period - Shot Blocked by Shane O'Brien.
3:19 of 3rd period - Snap shot by Zach Budish.
3:19 of 3rd period - Shot Blocked by Shane O'Brien.
3:21 of 3rd period - Wrist shot by Pascal Pelletier.
3:21 of 3rd period - Stopped by Harri Sateri with a rebound.
3:35 of 3rd period - Chris Wideman is hit by Shane O'Brien.
4:23 of 3rd period - Snap shot by Rod Pelley.
4:23 of 3rd period - Stopped by Harri Sateri with a rebound.
4:25 of 3rd period - Slapshot by Scooter Vaughan.
4:25 of 3rd period - Deflect By Danny Hobbs.
4:25 of 3rd period - Stopped by Harri Sateri with a rebound.
4:27 of 3rd period - Snap shot by Rod Pelley.
4:27 of 3rd period - Stopped by Harri Sateri with a rebound.
4:29 of 3rd period - Snap shot by Rod Pelley.
4:29 of 3rd period - Stopped by Harri Sateri with a rebound.
4:50 of 3rd period - Snap shot by Colin Miller.
4:50 of 3rd period - Deflect By Brendan Shinnimin.
4:50 of 3rd period - Stopped by Harri Sateri with a rebound.
4:51 of 3rd period - Penalty to Andrew Gordon is over, Andrew Gordon is back on ice.
4:52 of 3rd period - Snap shot by Colin Miller.
4:52 of 3rd period - Stopped by Harri Sateri with a rebound.
4:54 of 3rd period - Slapshot by Chris Wideman.
4:54 of 3rd period - Shot Misses the Net.
6:00 of 3rd period - Gabriel Beaupre is hit by Chris Summers and loses puck.
6:07 of 3rd period - Slapshot by Drew MacKenzie.
6:07 of 3rd period - Shot Misses the Net.
6:09 of 3rd period - Slapshot by Scooter Vaughan.
6:09 of 3rd period - Shot Misses the Net.
6:33 of 3rd period - Zach Budish is hit by Chris Summers and loses puck.
6:38 of 3rd period - Wrist shot by Colin Stuart.
6:38 of 3rd period - Shot Misses the Net.
7:42 of 3rd period - Snap shot by Craig Cunningham.
7:42 of 3rd period - Deflect By Andrew Gordon.
7:42 of 3rd period - Stopped by Devan Dubnyk with a rebound.
7:44 of 3rd period - Slapshot by Jon Landry.
7:44 of 3rd period - Stopped by Devan Dubnyk with a rebound.
8:32 of 3rd period - Icing by Patrick Wey.
8:33 of 3rd period - Dana Tyrell wins face-off versus Brendan Shinnimin in Aeros zone.
9:30 of 3rd period - Rod Pelley is hit by Anthony Camara and loses puck.
10:13 of 3rd period - Scott Campbell is hit by Scooter Vaughan.
10:16 of 3rd period - Icing by Shane O'Brien.
10:17 of 3rd period - Rod Pelley wins face-off versus Mike Ullrich in Aeros zone.
10:38 of 3rd period - Wrist shot by Cam Janssen.
10:38 of 3rd period - Deflect By Colin Stuart.
10:38 of 3rd period - Shot Misses the Net.
10:38 of 3rd period - Puck is out of play.
10:39 of 3rd period - Warren Peters wins face-off versus Darroll Powe in Devils zone.
10:48 of 3rd period - Wrist shot by Warren Peters.
10:48 of 3rd period - Shot Misses the Net.
13:02 of 3rd period - Wrist shot by Tom Kuhnhackl.
13:02 of 3rd period - Shot Misses the Net.
13:04 of 3rd period - Slapshot by Darren Archibald.
13:04 of 3rd period - Stopped by Harri Sateri without a rebound.
13:05 of 3rd period - Rod Pelley wins face-off versus Warren Peters in Aeros zone.
13:51 of 3rd period - Snap shot by Darren Archibald.
13:51 of 3rd period - Stopped by Harri Sateri with a rebound.
14:41 of 3rd period - Wrist shot by Darroll Powe.
14:41 of 3rd period - Shot Hit the Post.
15:03 of 3rd period - Zach O'Brien is hit by Dana Tyrell and loses puck.
15:29 of 3rd period - Snap shot by Shane O'Brien.
15:29 of 3rd period - Deflect By Danny Hobbs.
15:29 of 3rd period - Shot Blocked by Darroll Powe.
15:29 of 3rd period - Puck is out of play.
15:30 of 3rd period - Danny Hobbs wins face-off versus Rod Pelley in Devils zone.
16:45 of 3rd period - Wrist shot by Danny Hobbs.
16:45 of 3rd period - Stopped by Devan Dubnyk without a rebound.
16:46 of 3rd period - Brendan Shinnimin wins face-off versus Danny Hobbs in Devils zone.
17:09 of 3rd period - Wrist shot by Warren Peters.
17:09 of 3rd period - Shot Misses the Net.
17:23 of 3rd period - Wrist shot by Craig Cunningham.
17:23 of 3rd period - Shot Misses the Net.
17:25 of 3rd period - Backhand shot by Dana Tyrell.
17:25 of 3rd period - Shot Blocked by Jared Staal.
17:47 of 3rd period - Snap shot by Anthony Camara.
17:47 of 3rd period - Stopped by Devan Dubnyk with a rebound.
17:49 of 3rd period - Slapshot by Anthony Camara.
17:49 of 3rd period - Stopped by Devan Dubnyk without a rebound.
17:50 of 3rd period - Zach Budish wins face-off versus Danny Hobbs in Devils zone.
19:36 of 3rd period - Wrist shot by Pascal Pelletier.
19:36 of 3rd period - Stopped by Harri Sateri with a rebound.
19:50 of 3rd period - Patrick Wey is hit by Scooter Vaughan.
Goals for this period are 0 for Aeros vs 0 for Devils.
Shots for this period are 6 for Aeros vs 13 for Devils.

Overtime #1


0:01 of 1st overtime period - Darroll Powe wins face-off versus Andrew Gordon in neutral zone.
0:20 of 1st overtime period - Wrist shot by Dana Tyrell.
0:20 of 1st overtime period - Shot Blocked by Rod Pelley.
0:30 of 1st overtime period - Snap shot by Darroll Powe.
0:30 of 1st overtime period - Shot Blocked by Andrew Gordon.
0:38 of 1st overtime period - Slapshot by Shane O'Brien.
0:38 of 1st overtime period - Shot Blocked by Darroll Powe.
1:54 of 1st overtime period - Slapshot by Jon Landry.
1:54 of 1st overtime period - Shot Misses the Net.
1:56 of 1st overtime period - Slapshot by Shane O'Brien.
1:56 of 1st overtime period - Shot Blocked by Darren Archibald.
1:58 of 1st overtime period - Snap shot by Matthew Pistilli.
1:58 of 1st overtime period - Stopped by Devan Dubnyk with a rebound.
2:28 of 1st overtime period - Snap shot by Darroll Powe.
2:28 of 1st overtime period - Stopped by Harri Sateri with a rebound.
2:34 of 1st overtime period - Darroll Powe is hit by Danny Hobbs and loses puck.
3:07 of 1st overtime period - Icing by Joel Chouinard.
3:08 of 1st overtime period - Andrew Gordon wins face-off versus Jordan Martinook in Aeros zone.
3:13 of 1st overtime period - Darren Archibald is hit by Patrick Wey and loses puck.
3:45 of 1st overtime period - Backhand shot by Craig Cunningham.
3:45 of 1st overtime period - Shot Misses the Net.
3:47 of 1st overtime period - Wrist shot by Colin Stuart.
3:47 of 1st overtime period - Deflect By Craig Cunningham.
3:47 of 1st overtime period - Shot Misses the Net.
3:47 of 1st overtime period - Puck is out of play.
3:48 of 1st overtime period - Matthew Pistilli wins face-off versus Rod Pelley in Devils zone.
4:06 of 1st overtime period - Icing by Darroll Powe.
4:07 of 1st overtime period - Darroll Powe wins face-off versus Matthew Pistilli in Devils zone.
4:28 of 1st overtime period - Wrist shot by Jordan Martinook.
4:28 of 1st overtime period - Shot Misses the Net.
4:30 of 1st overtime period - Snap shot by Jordan Martinook.
4:30 of 1st overtime period - Shot Misses the Net.
4:32 of 1st overtime period - Wrist shot by Jordan Martinook.
4:32 of 1st overtime period - Stopped by Harri Sateri without a rebound.
4:33 of 1st overtime period - Andrew Gordon wins face-off versus Jordan Martinook in Aeros zone.
4:40 of 1st overtime period - Wrist shot by Dana Tyrell.
4:40 of 1st overtime period - Stopped by Devan Dubnyk with a rebound.
Goals for this period are 0 for Aeros vs 0 for Devils.
Shots for this period are 2 for Aeros vs 2 for Devils.

ShootOut


5:00 of 1st overtime period - Penalty Shot by Andrew Gordon for Aeros.
5:00 of 1st overtime period - Deke by Andrew Gordon.
5:00 of 1st overtime period - Stopped by Devan Dubnyk.
5:00 of 1st overtime period - Penalty Shot by Darroll Powe for Devils.
5:00 of 1st overtime period - Backhand shot by Darroll Powe.
5:00 of 1st overtime period - Stopped by Harri Sateri.
5:00 of 1st overtime period - Penalty Shot by Chris Summers for Aeros.
5:00 of 1st overtime period - Snap shot by Chris Summers.
5:00 of 1st overtime period - Stopped by Devan Dubnyk.
5:00 of 1st overtime period - Penalty Shot by Rod Pelley for Devils.
5:00 of 1st overtime period - Wrist shot by Rod Pelley.
5:00 of 1st overtime period - Shot Misses the Net.
5:00 of 1st overtime period - Penalty Shot by Craig Cunningham for Aeros.
5:00 of 1st overtime period - Wrist shot by Craig Cunningham.
5:00 of 1st overtime period - Stopped by Devan Dubnyk.
5:00 of 1st overtime period - Penalty Shot by Brendan Shinnimin for Devils.
5:00 of 1st overtime period - Backhand shot by Brendan Shinnimin.
5:00 of 1st overtime period - Stopped by Harri Sateri.
5:00 of 1st overtime period - Penalty Shot by Colin Stuart for Aeros.
5:00 of 1st overtime period - Deke by Colin Stuart.
5:00 of 1st overtime period - Stopped by Devan Dubnyk.
5:00 of 1st overtime period - Penalty Shot by Pascal Pelletier for Devils.
5:00 of 1st overtime period - Snap shot by Pascal Pelletier.
5:00 of 1st overtime period - Shot Misses the Net.
5:00 of 1st overtime period - Penalty Shot by Warren Peters for Aeros.
5:00 of 1st overtime period - Wrist shot by Warren Peters.
5:00 of 1st overtime period - Stopped by Devan Dubnyk.
5:00 of 1st overtime period - Penalty Shot by Zach O'Brien for Devils.
5:00 of 1st overtime period - Snap shot by Zach O'Brien.
5:00 of 1st overtime period - Goal by Zach O'Brien.


Output by the SimonT Hockey Simulator (STHS) for Eric Dolegowski -- Original Page W3C XHTML 1.0 Valid
Hockey Simulator - Hockey Simulation - Hockey Manager